 Dungeon Crawl Stone Soup version 0.21-a0-584-g185da8e (webtiles) character file.

7543 mortelune the Destroyer (level 10, -2/60 HPs)
             Began as a Deep Elf Conjurer on Dec 21, 2017.
             Was an Elder of Vehumet.
             Slain by a death yak (24 damage)
             ... on level 8 of the Dungeon.
             The game lasted 00:49:35 (12808 turns).

mortelune the Destroyer (Deep Elf Conjurer)        Turns: 12808, Time: 00:49:36

Health: -2/60      AC:  6    Str:  5    XL:     10   Next: 96%
Magic:  13/26      EV: 18    Int: 24    God:    Vehumet [****..]
Gold:   291        SH:  0    Dex: 15    Spells: 11/29 levels left

rFire    + . .     SeeInvis .   d - +4 short sword (venom)
rCold    . . .     Gourm    .   (no shield)
rNeg     . . .     Faith    .   a - +0 robe
rPois    .         Spirit   .   z - +1 helmet
rElec    .         Reflect  .   (no cloak)
rCorr    .         Harm     .   n - +0 pair of gloves
MR       +....                  r - +0 pair of boots
Stlth    ++........             (no amulet)
HPRegen  0.20/turn              G - ring of protection from fire
MPRegen  0.20/turn              q - +4 ring of evasion

@: about to teleport
A: no striking features
a: Renounce Religion


You were on level 8 of the Dungeon.
You worshipped Vehumet.
Vehumet was greatly pleased with you.
You were not hungry.

You visited 1 branch of the dungeon, and saw 9 of its levels.

You collected 527 gold pieces.
You spent 236 gold pieces at shops.

Inventory:

Hand Weapons
 d - a +4 short sword of venom (weapon)
 C - the +5 quarterstaff of Ywiowkydwu {flame, rElec rPois rF- Stlth+}
   (You found it on level 6 of the Dungeon)

   It has been specially enchanted to burn those struck by it, causing extra
   injury to most foes and up to half again as much damage against particularly
   susceptible opponents.
   It makes you vulnerable to fire.
   It insulates you from electricity.
   It protects you from poison.
   It makes you more stealthy.
 M - a +2 lajatang of protection
Missiles
 y - 136 stones (quivered)
Armour
 a - a +0 robe (worn)
 l - a +2 shield
 n - a +0 pair of gloves (worn)
 r - a +0 pair of boots (worn)
 z - a +1 helmet (worn)
Jewellery
 o - an uncursed amulet of faith
 p - a +3 ring of dexterity
 q - a +4 ring of evasion (right hand)
 x - an uncursed ring of flight
 G - a ring of protection from fire (left hand)
 P - an uncursed amulet of regeneration {unknown}
Wands
 s - a wand of paralysis (13)
 w - a wand of polymorph (18)
 J - a wand of flame (22)
Scrolls
 g - 7 scrolls of remove curse
 i - 3 scrolls of enchant weapon
 j - 5 scrolls of identify
 m - 5 scrolls of magic mapping
 t - a scroll of fear
 A - 2 scrolls of amnesia
 B - a scroll of fog {unknown}
 E - a scroll of enchant armour
 F - a scroll of immolation {unknown}
 H - a scroll of random uselessness {unknown}
Potions
 e - 7 potions of curing
 f - 2 potions of agility
 h - 2 potions of berserk rage
 v - 2 potions of degeneration
 I - a potion of might {unknown}
 K - 3 potions of mutation {unknown}
 L - a potion of lignification {unknown}
Books
 b - a book of Conjurations

   Spells                             Type                      Level
   a - Magic Dart                     Conjuration                  1
   b - Searing Ray                    Conjuration                  2
   c - Dazzling Spray                 Conjuration/Hexes            3
   d - Fulminant Prism                Conjuration/Hexes            4
   e - Force Lance                    Conjuration/Translocation    4
   f - Iskenderun's Mystic Blast      Conjuration                  4
 D - a book of Frost

   Spells                             Type                      Level
   a - Freeze                         Ice                          1
   b - Throw Frost                    Conjuration/Ice              2
   c - Ozocubu's Armour               Charms/Ice                   3
   d - Throw Icicle                   Conjuration/Ice              4
   e - Summon Ice Beast               Ice/Summoning                4
Miscellaneous
 k - a sack of spiders
Comestibles
 c - 16 rations


   Skills:
 + Level 6.1 Fighting
 + Level 4.5 Dodging
 - Level 2.4 Stealth
 + Level 1.2 Shields
 + Level 10.2 Spellcasting
 * Level 12.2 Conjurations
 - Level 8.4 Hexes
 + Level 1.4 Air Magic


You had 11 spell levels left.
You knew the following spells:

 Your Spells              Type           Power        Failure   Level  Hunger
a - Magic Dart            Conj           ####         1%          1    None
b - Searing Ray           Conj           ######       1%          2    None
c - Iskenderun's Mystic   Conj           ######..     1%          4    #......
d - Dazzling Spray        Conj/Hex       ######       1%          3    None
e - Fulminant Prism       Conj/Hex       ######....   1%          4    #......
f - Airstrike             Air            ###.......   8%          4    #......


Dungeon Overview and Level Annotations

Branches:
Dungeon (9/15)             Temple (0/1) D:6            Lair (0/6) D:9
    Orc (0/2) D:9

Altars:
Cheibriados
Hepliaklqana
Nemelex Xobeh
Qazlal
Sif Muna
Uskayaw
Vehumet
Wu Jian
Xom
Yredelemnul
The Shining One

Shops:
D:5 *?*   D:6 }%


Message History

The death yak is lightly wounded.
The orb of energy explodes!
The death yak closely misses you.
Casting: Iskenderun's Mystic Blast
Confirm with . or Enter, or press ? or * to list all spells.
Aiming: Iskenderun's Mystic Blast
Press: ? - help, Shift-Dir - straight line, f/p - death yak
Aim: a death yak (lightly wounded)
The orb of energy hits the death yak.
The death yak is moderately wounded.
The orb of energy explodes!
The death yak gores you!!
The death yak gores you but does no damage.
The death yak closely misses you.
You see here a death yak skeleton.
There is a stone staircase leading up here.
The death yak gores you!
You climb upwards.
There is a stone staircase leading down, spattered with blood here.
As you read the scroll of teleportation, it crumbles to dust.
You feel strangely unstable. The death yak gores you!!
You die...

##.##.##.....## #.#
#..##.##......## #.#
#.###.##.......###
###.# #.#
#.##.....#...###....
###.#
#.##.#######.#...##.
#...###.##.####
##...##...
#.####........#
#.......#. #.#
#....###'###.####....
##.#
#...@#88.88######.#..
#..#
#...Y#88)88#......#.#
#.##
#....#8._.8##########
### #....#88.88#
#....#88888#
#....#######
#...>...# #.......#
#########


You could see a death yak.

Vanquished Creatures
  A death yak (D:9)
  A flayed ghost (D:8)
  A hippogriff (D:7)
  5 wraiths (D:8)
  3 hogs (D:7)
  A hungry ghost (D:8)
  A fire bat (D:8)
  A yak (D:7)
  A human (D:7)
  A porcupine (D:9)
  3 black bears
  2 orc warriors (D:9)
  A sky beast (D:7)
  An eye of draining (D:9)
  A necrophage (D:6)
  2 phantoms
  5 centaurs
  8 ogres
  3 bullfrogs
  A big kobold (D:8)
  2 scorpions
  10 killer bees
  2 howler monkeys
  8 wights
  2 crimson imps
  A jelly (D:8)
  3 hounds
  A quasit (D:7)
  An orc priest (D:9)
  2 centaur skeletons
  2 bullfrog skeletons
  An iron imp (D:9)
  6 orc wizards
  Jessica (D:3)
  An iguana (D:9)
  5 worker ants
  A killer bee zombie (D:7)
  2 hound skeletons (D:8)
  A howler monkey skeleton (D:7)
  A worker ant zombie (D:8)
  5 adders
  3 gnolls (D:6)
  3 shadow imps
  An ooze (D:2)
  An adder zombie (D:9)
  3 worms
  2 leopard geckos
  26 orcs
  2 giant cockroaches
  8 goblins
  3 hobgoblins
  12 jackals
  13 kobolds
  9 quokkas
  21 bats
  3 frilled lizards (D:1)
  9 rats
  A fulminant prism (D:9)
221 creatures vanquished.

Vanquished Creatures (others)
  24 fulminant prisms
24 creatures vanquished.

Grand Total: 245 creatures vanquished

Notes
Turn   | Place    | Note
-------+----------+-------------------------------------------
     0 | D:1      | mortelune the Deep Elf Conjurer began the quest for the Orb.
     0 | D:1      | Reached XP level 1. HP: 10/10 MP: 6/6
   247 | D:1      | Reached XP level 2. HP: 16/16 MP: 6/8
   251 | D:1      | Learned a level 2 spell: Searing Ray
   866 | D:1      | Reached skill level 5 in Conjurations
   918 | D:1      | Reached XP level 3. HP: 20/20 MP: 7/10
   923 | D:1      | Learned a level 3 spell: Dazzling Spray
  1114 | D:2      | Reached skill level 1 in Fighting
  1710 | D:2      | Found a stormy altar of Qazlal.
  1710 | D:2      | Found a radiant altar of Vehumet.
  1714 | D:2      | Became a worshipper of Vehumet
  1899 | D:3      | Noticed Jessica
  1903 | D:3      | Killed Jessica
  1903 | D:3      | Reached skill level 1 in Hexes
  1903 | D:3      | Reached XP level 4. HP: 25/25 MP: 5/11
  1909 | D:3      | Learned a level 4 spell: Iskenderun's Mystic Blast
  3074 | D:4      | Reached * piety under Vehumet
  3074 | D:4      | Offered knowledge of Shock by Vehumet.
  3188 | D:4      | Noticed a hand axe
  3189 | D:4      | Found a hide-covered altar of Uskayaw.
  3190 | D:4      | Noticed a hand axe
  3288 | D:4      | Found a sparkling altar of Nemelex Xobeh.
  3346 | D:4      | Reached XP level 5. HP: 29/29 MP: 7/13
  3994 | D:5      | Entered Level 5 of the Dungeon
  4150 | D:5      | Found Jaheomak's General Store.
  4159 | D:5      | Bought a potion of curing for 36 gold pieces
  4159 | D:5      | Bought 22 stones for 26 gold pieces
  4159 | D:5      | Bought a +0 helmet for 54 gold pieces
  4182 | D:5      | Found a hazy altar of Hepliaklqana.
  4223 | D:5      | Found Kudd's Magic Scroll Shoppe.
  4229 | D:5      | Reached skill level 6 in Conjurations
  4236 | D:5      | Bought a scroll of amnesia for 42 gold pieces
  4236 | D:5      | Bought a scroll of fear for 42 gold pieces
  4236 | D:5      | Bought a scroll of remove curse for 36 gold pieces
  4508 | D:5      | Found Suureock's Assorted Antiques.
  4730 | D:5      | Reached XP level 6. HP: 35/35 MP: 9/14
  4873 | D:5      | Found a glowing golden altar of the Shining One.
  4878 | D:5      | Found a basalt altar of Yredelemnul.
  4880 | D:5      | Noticed a profane servitor
  5081 | D:5      | Noticed an angel
  5468 | D:6      | Reached skill level 5 in Spellcasting
  5526 | D:6      | Reached XP level 7. HP: 33/40 MP: 1/16
  5552 | D:5      | Reached skill level 7 in Conjurations
  5914 | D:6      | Found Seoha's Food Emporium.
  6171 | D:6      | Found Doerext's Gadget Boutique.
  6274 | D:6      | Reached XP level 8. HP: 43/46 MP: 12/19
  6331 | D:6      | Reached skill level 8 in Conjurations
  6383 | D:6      | Reached skill level 5 in Hexes
  6725 | D:5      | Offered knowledge of Sting by Vehumet.
  6726 | D:5      | Reached ** piety under Vehumet
  6732 | D:5      | Learned a level 4 spell: Fulminant Prism
  6944 | D:6      | Found a staircase to the Ecumenical Temple.
  7106 | D:6      | Got a scorched quarterstaff
  7107 | D:6      | Identified the +5 quarterstaff of Ywiowkydwu {flame, rElec rPois rF- Stlth+} (You found it on level 6 of the Dungeon)
  7473 | D:7      | Noticed a hippogriff
  7477 | D:7      | Killed a hippogriff
  7477 | D:7      | Reached skill level 9 in Conjurations
  8076 | D:7      | Reached XP level 9. HP: 52/52 MP: 17/22
  8240 | D:7      | Reached skill level 10 in Conjurations
  8528 | D:8      | Offered knowledge of Mephitic Cloud by Vehumet.
  9174 | D:8      | Reached *** piety under Vehumet
  9337 | D:8      | Found a shimmering altar of Xom.
  9338 | D:8      | Reached skill level 5 in Fighting
  9951 | D:8      | Found a shimmering altar of Xom.
  9965 | D:8      | Reached skill level 11 in Conjurations
  9965 | D:8      | Reached XP level 10. HP: 59/59 MP: 13/25
 10376 | D:8      | Offered knowledge of Inner Flame by Vehumet.
 10720 | D:8      | Found a basalt altar of Yredelemnul.
 10727 | D:8      | Found a hazy altar of Hepliaklqana.
 10729 | D:8      | Found a runed door.
 10750 | D:8      | Found a sparkling altar of Nemelex Xobeh.
 10769 | D:8      | Found a stormy altar of Qazlal.
 10774 | D:8      | Found a glowing golden altar of the Shining One.
 10786 | D:8      | Noticed a flayed ghost
 10803 | D:8      | Killed a flayed ghost
 11256 | D:9      | Found a staircase to the Orcish Mines.
 11486 | D:9      | Reached **** piety under Vehumet
 11544 | D:9      | Offered knowledge of Airstrike by Vehumet.
 11550 | D:9      | Learned a level 4 spell: Airstrike
 11567 | D:9      | Noticed a death yak
 11571 | D:9      | Noticed a death yak
 11571 | D:9      | Noticed a death yak
 11822 | D:9      | Found an ornate altar of the Wu Jian Council.
 11823 | D:9      | Found a deep blue altar of Sif Muna.
 11965 | D:9      | Reached skill level 12 in Conjurations
 11979 | D:9      | Reached skill level 10 in Spellcasting
 12223 | D:9      | Reached skill level 1 in Air Magic
 12301 | D:9      | Found a staircase to the Lair.
 12414 | D:9      | Killed a death yak
 12414 | D:9      | Reached skill level 1 in Shields
 12695 | D:9      | Found a snail-covered altar of Cheibriados.
 12808 | D:8      | Slain by a death yak

Vault maps used:
D:1:      kennysheep_arrival_seaside
D:2:      gammafunk_temple_overflow_elements
D:3:      uniq_jessica
D:4:      cheibrodos_quashed, lemuel_round_altar, dancing_weapons_uskayaw,
          first_ration
D:5:      lemuel_ice_spiral_2, grunt_temple_overflow_holy_war,
          nicolae_overflow_crystal_walls, serial_shops,
          nicolae_shop_overgrown_old_shop, shop, shop,
          kennysheep_generic_room_10
D:6:      temple_hall, serial_shops, nicolae_shop_window_shopping, shop,
          minmay_misc_feat_cross
D:7:      grunt_livestock
D:8:      due_megacathedral, kennysheep_little_box
D:9:      slow_altar_1, amethyst_overflow_temple_binary, dpeg_lair_monsters

Skill      XL: |  1  2  3  4  5  6  7  8  9 10 |
---------------+-------------------------------+-----
Conjurations   | 5 6 7 9 11 12 | 12.2
Fighting       | 1 2 3 4 5 6 |  6.1
Hexes          | 1 2 3 4 6 8 |  8.4
Spellcasting   | 4 5 6 7 9 10 | 10.2
Dodging        | 4 |  4.5
Air Magic      | 1 |  1.4
Shields        | 1 |  1.2
Stealth        | |  2.4

Action                   |  1- 3 |  4- 6 |  7- 9 | 10-12 || total
-------------------------+-------+-------+-------+-------++-------
Melee: Short sword       |     7 |     1 |       |     2 ||    10
 Cast: Magic Dart        |    82 |    69 |    81 |    25 ||   257
       Searing Ray       |     2 |    19 |    38 |     9 ||    68
       Dazzling Spray    |     1 |     4 |     4 |     3 ||    12
       Iskenderun's Myst |       |     8 |    53 |    63 ||   124
       Fulminant Prism   |       |       |    16 |     9 ||    25
       Airstrike         |       |       |       |    14 ||    14
  Use: Scroll            |     4 |     2 |     6 |     3 ||    15
       Potion            |       |       |       |     3 ||     3
  Eat: Chunk             |     3 |     6 |    13 |     4 ||    26
       Ration            |       |     2 |     2 |     2 ||     6
Armor: Robe              |     3 |     3 |    16 |     8 ||    30
Dodge: Dodged            |    24 |     8 |    58 |    28 ||   118
Block: Shield            |       |       |       |     2 ||     2

Table legend:
 A = Spawn XP
 B = Non-spawn XP
 C = Spawn XP percentage of total XP
 D = Spawn monster count
 E = Non-spawn monster count
 F = Spawn count percentage of total count
 G = Total turns spent on level
                    A         B        C        D         E        F      G
               +---------+---------+-------+---------+---------+-------+---------
         Total |       0 |   10776 |   0.0 |       0 |     220 |   0.0 | 12808
               +---------+---------+-------+---------+---------+-------+---------
           D:1 |       0 |      41 |   0.0 |       0 |      28 |   0.0 |  1111
           D:2 |       0 |      41 |   0.0 |       0 |      18 |   0.0 |   757
           D:3 |       0 |      89 |   0.0 |       0 |      20 |   0.0 |  1136
           D:4 |       0 |      81 |   0.0 |       0 |      12 |   0.0 |  1006
           D:5 |       0 |     232 |   0.0 |       0 |       9 |   0.0 |  1854
           D:6 |       0 |    1478 |   0.0 |       0 |      26 |   0.0 |  1437
           D:7 |       0 |    1770 |   0.0 |       0 |      21 |   0.0 |  1389
           D:8 |       0 |    3909 |   0.0 |       0 |      52 |   0.0 |  2749
           D:9 |       0 |    3135 |   0.0 |       0 |      34 |   0.0 |  1369
               +---------+---------+-------+---------+---------+-------+---------
